 Dungeon Crawl Stone Soup version 0.29.1-1-gd02db6906a (webtiles) character file.

Game seed: 2293413120480573750

911 MisterFreud the Covert (level 8, -1/94 HPs)
             Began as a Gnoll Brigand on Oct 2, 2022.
             Slain by a black bear (10 damage)
             ... on level 6 of the Dungeon.
             The game lasted 00:08:54 (6618 turns).

MisterFreud the Covert (Gnoll Brigand)              Turns: 6618, Time: 00:08:54

Health: -1/94      AC: 24    Str: 10    XL:     8   Next: 8%
Magic:  12/12      EV:  2    Int: 12    God:
Gold:   235        SH:  0    Dex: 15    Spells: 13/13 levels left

rFire   . . .      SeeInvis .   a - +2 dagger
rCold   + . .      Faith    .   (no shield)
rNeg    . . .      Spirit   .   (body armour currently unavailable)
rPois   +          Reflect  .   (helmet currently unavailable)
rElec   .          Harm     .   (cloak currently unavailable)
rCorr   .          Rampage  .   (gloves currently unavailable)
Will    .....      NoTele   +   (boots currently unavailable)
Stlth   ++++......              (no amulet)
HPRegen 0.25/turn               o - ring of protection from cold
MPRegen 0.13/turn               (no ring)

@: tree-form
A: stationary, stasis, torment immunity, boosted hp, (fangs 1), strong nose,
distributed training
a: no special abilities


You were on level 6 of the Dungeon.
You were a tree.
You visited 1 branch of the dungeon, and saw 6 of its levels.

You collected 235 gold pieces.

Inventory:

Hand Weapons
 a - a +2 dagger (weapon)
 p - a +0 short sword of draining
Missiles
 d - 19 poisoned darts (quivered)
 e - 3 curare-tipped darts
Armour
 b - a +0 robe (melded)
 c - a +1 cloak (melded)
 f - a +0 pair of gloves (melded)
Jewellery
 m - a ring of resist corrosion
 o - a ring of protection from cold (left branch)
Wands
 h - a wand of roots (6)
Scrolls
 g - a scroll of silence
 i - 3 scrolls of teleportation
 n - a scroll of butterflies
 s - a scroll of enchant weapon
Potions
 j - 2 potions of might
 k - 2 potions of mutation
 q - a potion of flight


   Skills:
 + Level 5.5 Fighting
 + Level 5.5 Short Blades
 + Level 3.0 Long Blades
 + Level 3.0 Axes
 + Level 3.0 Maces & Flails
 + Level 3.0 Polearms
 + Level 3.0 Staves
 + Level 3.0 Ranged Weapons
 + Level 5.5 Throwing
 + Level 3.0 Armour
 + Level 4.0 Dodging
 + Level 8.4 Stealth
 + Level 3.0 Shields
 + Level 3.0 Unarmed Combat
 + Level 3.0 Spellcasting
 + Level 2.4 Conjurations
 + Level 2.4 Hexes
 + Level 2.4 Summonings
 + Level 2.4 Necromancy
 + Level 2.4 Translocations
 + Level 2.4 Transmutations
 + Level 2.4 Fire Magic
 + Level 2.4 Ice Magic
 + Level 2.4 Air Magic
 + Level 2.4 Earth Magic
 + Level 2.4 Poison Magic
 + Level 3.3 Invocations
 + Level 3.0 Evocations


You had 13 spell levels left.
You didn't know any spells.
Your spell library contained the following spells:

 Spells                   Type           Power      Damage    Failure   Level
 Confusing Touch          Hex            7%         N/A       26%         3
 Yara's Violent Unravell  Hex/Tmut       3%         3d4       94%         5
 Enfeeble                 Hex            3%         N/A       100%        7


Dungeon Overview and Level Annotations

Branches:
Dungeon (6/15)             Temple (0/1) D:6

Altars:
Cheibriados
Kikubaaqudgha

Shops:
D:2 [


Innate Abilities, Weirdness & Mutations

You are a tree.
Your roots penetrate the ground, keeping you stationary.
You cannot be teleported.
You are immune to unholy pain and torment.
Your maximum health is greatly increased.
Your equipment is partially melded.
((You have very sharp teeth.))
Your uncanny sense of smell can sniff out nearby items.
Your experience applies equally to all skills.


Message History

You hit the black bear. You bite the black bear.
The black bear is severely wounded.
The black bear bites you but does no damage.
The black bear barely misses you. The black bear closely misses you.
Unknown command.
You hit the black bear but do no damage.
The black bear is severely wounded.
The black bear bites you. The black bear misses you.
The black bear barely misses you.
Unknown command.
You hit the black bear.
The black bear is almost dead.
The black bear bites you. The black bear barely misses you.
The black bear closely misses you.
Unknown command.
You hit the black bear.
The black bear is almost dead.
The black bear closely misses you.
The black bear claws you but does no damage.
The black bear claws you.
* * * LOW HITPOINT WARNING * * *
Unknown command.
You hit the black bear.
You bite the black bear, but do no damage.
The black bear is almost dead.
The black bear bites you.
* * * LOW HITPOINT WARNING * * *
The black bear claws you.
* * * LOW HITPOINT WARNING * * *
The black bear claws you.
* * * LOW HITPOINT WARNING * * *
Unknown command.
Unknown command.
Unknown command.
Really quaff the potion of lignification?
You turn into a tree.
Your +1 cloak melds into your body.
Your +0 pair of gloves melds into your body.
Your +0 robe melds into your body.
Your roots penetrate the ground.
The black bear bites you!
You die...

####..# .......
.#.#.#. .......
##.#.....
#####........
##....h.#.$.>.
##.....♣.......
#........#.....
#..............
#........#.#.#.
#..............
#..............
##......).....#
#...........##
#..........##


You could see a black bear (berserk).

Vanquished Creatures
  A black bear (D:4)
  A bullfrog (D:6)
  A necrophage (D:5)
  2 scorpions (D:6)
  2 hounds
  3 orc priests
  2 iguanas
  6 orc wizards
  8 adders
  3 gnolls (D:4)
  A shadow imp (D:4)
  2 white imps (D:5)
  A dart slug (D:1)
  18 orcs
  8 endoplasms
  A giant cockroach (D:1)
  7 goblins
  7 hobgoblins
  6 jackals
  4 quokkas
  8 ball pythons
  5 bats
  3 frilled lizards
  6 kobolds
  5 rats
111 creatures vanquished.

Vanquished Creatures (others)
  A fungus (D:1)
1 creature vanquished.

Grand Total: 112 creatures vanquished

Notes
Turn   | Place    | Note
-------+----------+-------------------------------------------
     0 | D:1      | MisterFreud the Gnoll Brigand began the quest for the Orb.
     0 | D:1      | Reached XP level 1. HP: 20/20 MP: 1/1
    60 | D:1      | Found a faded altar of an unknown god.
   129 | D:1      | Reached XP level 2. HP: 23/26 MP: 2/2
   645 | D:1      | Reached XP level 3. HP: 31/31 MP: 3/3
  1003 | D:2      | Reached skill level 1 in Invocations
  1454 | D:2      | Reached skill level 1 in Long Blades
  1454 | D:2      | Reached skill level 1 in Axes
  1454 | D:2      | Reached skill level 1 in Maces & Flails
  1454 | D:2      | Reached skill level 1 in Polearms
  1454 | D:2      | Reached skill level 1 in Staves
  1454 | D:2      | Reached skill level 1 in Ranged Weapons
  1454 | D:2      | Reached skill level 1 in Armour
  1454 | D:2      | Reached skill level 1 in Shields
  1454 | D:2      | Reached skill level 1 in Unarmed Combat
  1454 | D:2      | Reached skill level 1 in Spellcasting
  1454 | D:2      | Reached skill level 1 in Evocations
  1462 | D:2      | Found Anuon Pas's Armour Shoppe.
  1577 | D:2      | Reached XP level 4. HP: 38/38 MP: 5/5
  2263 | D:3      | Reached skill level 1 in Conjurations
  2263 | D:3      | Reached skill level 1 in Hexes
  2263 | D:3      | Reached skill level 1 in Summonings
  2263 | D:3      | Reached skill level 1 in Necromancy
  2263 | D:3      | Reached skill level 1 in Translocations
  2263 | D:3      | Reached skill level 1 in Transmutations
  2263 | D:3      | Reached skill level 1 in Fire Magic
  2263 | D:3      | Reached skill level 1 in Ice Magic
  2263 | D:3      | Reached skill level 1 in Air Magic
  2263 | D:3      | Reached skill level 1 in Earth Magic
  2263 | D:3      | Reached skill level 1 in Poison Magic
  2602 | D:3      | Reached XP level 5. HP: 36/43 MP: 7/7
  3136 | D:4      | Noticed a black bear
  3358 | D:3      | Reached skill level 8 in Stealth
  3465 | D:3      | Reached XP level 6. HP: 14/50 MP: 8/8
  3787 | D:4      | Reached skill level 5 in Fighting
  3787 | D:4      | Reached skill level 5 in Short Blades
  3787 | D:4      | Reached skill level 5 in Throwing
  3855 | D:4      | HP: 2/49 [gnoll/+0 flail (7)]
  3890 | D:4      | Killed a black bear
  4155 | D:4      | Reached XP level 7. HP: 56/56 MP: 10/10
  5401 | D:5      | Entered Level 5 of the Dungeon
  5689 | D:5      | Found an ancient bone altar of Kikubaaqudgha.
  5791 | D:5      | Found a snail-covered altar of Cheibriados.
  6485 | D:6      | Reached XP level 8. HP: 63/63 MP: 12/12
  6593 | D:6      | Found a staircase to the Ecumenical Temple.
  6618 | D:6      | Slain by a black bear

Illustrated notes

Levels and vault maps discovered:
D:1:      evilmike_arrival_crescent, layout_basic,
          shapermc_ecumenical_altar_acropolis, minmay_tromino_mix6
D:2:      layout_basic, serial_shops, nicolae_shop_hallway_plus
D:3:      layout_basic
D:4:      cheibrodos_pilgrimage, layout_basic
D:5:      layout_cave_pods, nicolae_overflow_squiral
D:6:      layout_rooms, tso_metal_star, nicolae_qazlal_scattered_showers,
          minmay_temple_entry_glass, nicolae_fountain_basement

Skill      XL: |  1  2  3  4  5  6  7 |
---------------+----------------------+-----
Invocations    | 1 2 3 |  3.3
Long Blades    | 1 2 3 |  3.0
Axes           | 1 2 3 |  3.0
Maces & Flails | 1 2 3 |  3.0
Polearms       | 1 2 3 |  3.0
Staves         | 1 2 3 |  3.0
Ranged Weapons | 1 2 3 |  3.0
Armour         | 1 2 3 |  3.0
Shields        | 1 2 3 |  3.0
Unarmed Combat | 1 2 3 |  3.0
Spellcasting   | 1 2 3 |  3.0
Evocations     | 1 2 3 |  3.0
Conjurations   | 1 2 |  2.4
Hexes          | 1 2 |  2.4
Summonings     | 1 2 |  2.4
Necromancy     | 1 2 |  2.4
Translocations | 1 2 |  2.4
Transmutations | 1 2 |  2.4
Fire Magic     | 1 2 |  2.4
Ice Magic      | 1 2 |  2.4
Air Magic      | 1 2 |  2.4
Earth Magic    | 1 2 |  2.4
Poison Magic   | 1 2 |  2.4
Dodging        | 3 4 |  4.0
Stealth        | 8 |  8.4
Fighting       | 5 |  5.5
Short Blades   | 5 |  5.5
Throwing       | 5 |  5.5

Action                   |  1- 3 |  4- 6 |  7- 9 || total
-------------------------+-------+-------+-------++-------
Melee: Dagger            |   126 |   307 |   177 ||   610
       Bite              |     9 |    31 |    20 ||    60
       Punch             |     1 |     4 |     6 ||    11
  Use: Scroll            |     6 |     8 |     5 ||    19
       Potion            |       |     4 |     2 ||     6
 Stab: Sleeping          |    17 |     8 |     6 ||    31
       Invisible         |       |     2 |       ||     2
       Distracted        |       |     1 |       ||     1
Armor: Robe              |    27 |    83 |    31 ||   141
Dodge: Dodged            |    62 |   180 |    77 ||   319
